[Event "GMT Blitz"]
[Site "Biel, Switzerland"]
[Date "2022.07.17"]
[Round "13.3"]
[White "Esipenko, Andrey"]
[Black "Salem, A.R. Saleh"]
[Result "1/2-1/2"]
[TimeControl "3min + 2 s per move"]
[WhiteElo "2617"]
[BlackElo "2679"]

1. e4 e5 2. Nf3 Nc6
 3. Bb5 a6 4. Ba4 Nf6 5.
O-O Be7 6. d3 b5 7. Bb3
 O-O 8.
a4 Bb7 
9. Nc3 Na5 10. Bd5 c6 
 11. Ba2 b4 12. Ne2 c5 13.
Nxe5 d5 
14. exd5 b3 15. Bxb3 Nxb3 
 16. cxb3 Qxd5 17. Nf3 Rad8
 18. Be3 
Qf5 19. Ng3 Qd5 20. Rc1 
 Rfe8 21. h3 Bd6 22. Re1
 Bf8 23.
Rc3 Re6 
24. Bg5 Rde8 25. Rxe6 Qxe6 
 26. d4 Nd5 27. Rc1 h6
 28. Bd2 
cxd4 29. Nxd4 Qf6 30. Qg4 
 g6 31. Bc3 Nxc3 32. bxc3
 Qe5 33.
Nf3 Qd5 
34. b4 Qb3 35. a5 Qb2 
 36. Qf4 Bxf3 37. gxf3
 Bd6 38. Qxd6 Qxc1+ 39. Kg2 
Qxc3 40. Ne4 Rxe4 41. fxe4 Qc4 42. f3 Qe2+ 
 43. Kg3 Qe1+ 44. Kf4 Qe2
 45. Qd8+ Kh7 46. Qd4 
 Qg2 47. Ke3 Qg1+ 48. Kd3
 Qd1+ 49.
Kc4 Qxf3 50. Kc5 Qxh3 
 51. b5 axb5 52. a6 b4 
 53. Kxb4 Qc8 54. Kb5 h5
 55. Qd5 Qb8+ 56. Qb7 Qe5+
 57. Kc4 
Qe6+ 58. Kc3 Qe5+ 59. Kd3 
Qd6+ 60. Kc4 Qe6+ 61. Kc3 
 Qe5+ 62. Kc2 Qc5+ 63. Kd3
 Qd6+ 64. Kc4 1/2-1/2

[Event "GMT Blitz"]
[Site "Biel, Switzerland"]
[Date "2022.07.17"]
[Round "13.4"]
[White "Abdusattorov, Nodirbek"]
[Black "Keymer, Vincent"]
[Result "0-1"]
[TimeControl "3min + 2 s per move"]
[WhiteElo "2663"]
[BlackElo "2548"]

1. e4 c6 2. d4 d5 3. e5 Bf5
 4. Nd2 
e6 5. Nb3 Nd7 6. Nf3
 Qc7 7. a4 a6 8. Be3 f6 
 9. Bf4 fxe5 10. Nxe5 Nxe5
 11. Bxe5 Bd6 12. Bxd6 
Qxd6 13. Bd3 Ne7 14. O-O
 O-O 15.
Re1 Rae8 16. a5 Bxd3 
 17. Qxd3 Ng6 18. Qg3 Nf4 
 19. Qe3 e5 20. dxe5 Qg6
 21. Qg3 Qxc2 22. Nd4 Qxb2 
 23. Qe3 c5 24. Nf3 Qc2
 25. Rac1 Qg6 26. g3 
 d4 27. Qb3+ Kh8 28. Nh4 
 Qg4 29. f3 Qg5 30. Rxc5
 Nh3+ 31.
Kf1 Qe7 
32. Rc2 Qd8 33. Qd3 Qxa5 
34. Qxd4 Ng5 35. Re3 Ne6 
 36. Qc3 Qb5+ 37. Kg2 Qd7 38.
Rd3 Qf7 39. Qd2 g5 40. Rd7 
 Qg8 41. Nf5 Rxf5 42. Qd6
 Rf7 43. Rb2 b5 44. Rc2
 a5 45.
Rc6 a4 
46. Ra6 Qf8 47. Qd5
 Rxd7 48. Qxd7 Ng7 49. Qxb5 Qf5 
 50. Qxa4 Qxe5 51. Qc4 Qe2+ 
 52. Qxe2 Rxe2+ 53. Kf1
 Re6 54. Ra8+ Re8 55. Ra6 
Kg8 56. Kf2 Re6 57. Ra5
 h6 58.
Ra4 Kf7 
59. h4 gxh4 60. Rxh4
 Nf5 61.
Ra4 Kg6 
62. g4 Nd6 63. Kg3 Nf7 
 64. f4 Re3+ 65. Kh4 Rd3 66.
Ra6+ Rd6 67. Ra4 Rd1 
 68. Ra6+ Kg7 69. Ra7 Rh1+ 
 70. Kg3 Rc1 71. Kh4 Rf1 72.
Kg3 Re1 
73. Kh4 Re4 74. Kg3
 Rd4 75. Rb7 Kg6 76. Rb6+
 Nd6 77. Kh4 Kf7 78. Ra6
 Ke6 79.
f5+ Kf6 
80. Kh5 Rd1 81. Kh4
 Ke5 82. Kh5 Kf6 83. Kh4 
 Rd3 84. Rc6 Rd4 85. Ra6 
 Kg7 86. Kh5 Rd1 87. Kh4
 Ne4 88.
Kh3 Rd3+ 89. Kh4 Rd1 90.
Kh3 Ng5+ 91. Kg2 Rd3 92. Rg6+
 Kh7 93. Ra6 Nf7 94. Ra7 
 Kg7 95. Ra6 Rd6 96. Ra4 
Kf6 97. Kg3 Kg5 98. Ra7 
Rd3+ 99. Kf2 Ne5 100. Rg7+ Kf4
 101. Ke2 Rd6 102. Rh7 0-1

[ePGN "0.1;DGT LiveChess/2.2.5"]

[Event "GMT Blitz"]
[Site "Biel, Switzerland"]
[Date "2022.07.17"]
[Round "14.1"]
[White "Naiditsch, Arkadij"]
[Black "Abdusattorov, Nodirbek"]
[Result "0-1"]
[TimeControl "3min + 2 s per move"]
[WhiteElo "2577"]
[BlackElo "2663"]

1. e4 c5 2. Nf3 e6 3. c4 Nc6
 4. Nc3 
a6 5. d4 cxd4 6. Nxd4 
 Qc7 7. Be2 Nf6 8. O-O
 d6 9.
Be3 Be7 10. Rc1 O-O 11. Nd5
 exd5 12.
cxd5 Bd7 13. Bf3 Rad8 
 14. Qc2 Rc8 15. dxc6 bxc6
 16. e5 
dxe5 17. Nxc6 Bxc6 18. Qxc6 
Qb8 19. Qxa6 Rxc1 20. Rxc1 e4
 21. Bd1 
Qxb2 22. Qe2 Qe5 23. Bb3 
 Qf5 24. h3 h5 25. Rc7
 Bd6 26.
Rb7 Qe5 
27. Qc4 Kh7 28. Rxf7 Rxf7 
 29. Qxf7 Qa1+ 0-1

[Event "GMT Blitz"]
[Site "Biel, Switzerland"]
[Date "2022.07.17"]
[Round "14.2"]
[White "Keymer, Vincent"]
[Black "Esipenko, Andrey"]
[Result "1-0"]
[TimeControl "3min + 2 s per move"]
[WhiteElo "2548"]
[BlackElo "2617"]

1. Nf3 d5 2. e3 Nf6 3. c4 e6 4.
Nc3 Bd6 5. b3 O-O 6. Bb2 Re8 7. Nb5 Be7 8. Be5 Na6
 9. Be2 c6 10. Nc3 Ne4 11.
Qc2 f6 
12. Bg3 Nb4 13. Qb1 e5 14.
cxd5 Nxc3 15. dxc3 Nxd5 
16. Bd3 h6 17. O-O Nxc3 18. Bc4+
 Kh8 19.
Qc2 Nd5 
20. Qg6 Be6 21. Bd3 Bg8 
 22. Nh4 Ba3 23. Rad1 Ne7
 24. Qg4 
Qb6 25. Kh1 Rad8 26. h3 
 Qb4 27. Qh5 Qc3 28. Be4
 Rf8 29.
Ng6+ Nxg6 30. Qxg6 Qa5 
 31. f4 Bb2 32. Rxd8 Rxd8 
33. Rf2 Qe1+ 34. Kh2
 Rd1 35. Bh4 Qh1+ 36. Kg3 exf4+ 
37. exf4 Re1 38. Bf3
 Re3 39.
Rxb2 Qe1+ 40. Rf2 Bd5 
 41. Kh2 Bxf3 42. Rxf3 Qe2
 43. Rxe3 Qxe3 44. f5 
Qf4+ 45. Bg3 Qe4 46. Qg4 
Qc2 47. Qa4 a6 48. Qb4 b5
 49. Qd6 
Qxa2 50. b4 a5 51. Qd8+ 
Kh7 52. Qxa5 Qc4 53. Qa3 
 c5 54. bxc5 b4 55. Qa5 
 b3 56. Qb6 Qc2 57. c6
 b2 58.
c7 1-0

[Event "GMT Blitz"]
[Site "Biel, Switzerland"]
[Date "2022.07.17"]
[Round "14.3"]
[White "Salem, A.R. Saleh"]
[Black "Gukesh, D"]
[Result "1/2-1/2"]
[TimeControl "3min + 2 s per move"]
[WhiteElo "2679"]
[BlackElo "2598"]

1. d4 Nf6 2. c4 e6 3. Nc3
 d5 4. cxd5 exd5 5. Bg5
 Bb4 6. e3 h6 7. Bh4 g5
 8. Bg3 Ne4 9. a3 Bxc3+ 
 10. bxc3 h5 11. f3 Nxg3 
 12. hxg3 Nc6 13. Rb1
 Qd6 14.
Kf2 h4 
15. gxh4 gxh4 16. Ne2 b6 
 17. Nf4 Bd7 18. Ba6 Ne7
 19. a4 
c6 20. Bd3 O-O-O 21. Qb3 
Ng6 22. Bxg6 fxg6 23. a5 
 b5 24. Qb4 Qc7 25. Qe7
 Rde8 26.
Qg5 Bf5 
27. Ra1 Qe7 28. Qxe7 Rxe7 
 29. Rae1 Kb7 30. Ne2 Ka6
 31. Nc1 
Kxa5 32. Nb3+ Kb6 33. Ra1 Bc2
 34. Nc5 
a5 35. Rhc1 Bf5 36. Ra2 a4 
37. Re1 Rhe8 38. Rb2 Kc7 
 39. Ra2 Kd6 40. Ra3 g5
 41. Ra2 g4 42. fxg4 Bxg4
 43. Ra3 Bf5 44. Ra2 Be4 45.
Kg1 Rg7 
46. Kh2 Rg3 47. Rf1 Rxe3 
 48. Rf6+ Kc7 49. Rf7+ Kc8 
50. Raf2 Rg8 51. Ra7 Kb8 
 52. Rb7+ Ka8 53. Rb6 Rxc3
 54. Ra6+ Kb8 55. Rb6+ Kc7 
 56. Rb7+ Kc8 57. Ra7 Kb8 
 58. Rb7+ Ka8 59. Rb6 Rcg3 
60. Ra6+ Kb8 61. Rb6+
 Kc7 62. Rb7+ Kc8 63. Rff7 
Rxg2+ 64. Kh3 R2g3+
 65. Kh2 Rg2+ 66. Kh3 R8g3+ 
 67. Kxh4 Rg4+ 68. Kh3
 R2g3+ 
69. Kh2 Rg2+ 70. Kh3 R2g3+ 71. Kh2 1/2-1/2

[Event "GMT Blitz"]
[Site "Biel, Switzerland"]
[Date "2022.07.17"]
[Round "14.4"]
[White "Le, Quang Liem"]
[Black "Kamsky, Gata"]
[Result "1/2-1/2"]
[TimeControl "3min + 2 s per move"]
[WhiteElo "2657"]
[BlackElo "2645"]

1. c4 e5 2. Nc3 Nc6 
 3. Nf3 Nf6 4. e4 d6
 5. h3 
g6 6. d4 exd4 7. Nxd4 
 Bg7 8. Nxc6 bxc6 9. Bd3
 O-O 10. O-O Nd7 11. Be3
 Rb8 12.
Rb1 c5 
13. f4 Bb7 14. Qc2 Re8 
 15. Rbe1 Nf8 16. f5 Nd7
 17. b3 
Ne5 18. Nd5 Bxd5 19. exd5 
 Nxd3 20. Qxd3 Qh4 21. Bf2
 Qg5 22.
fxg6 hxg6 23. Qf3 Rxe1 
 24. Rxe1 Be5 25. Be3 Qh4
 26. Bf2 
Qg5 27. h4 Qd2 28. Qe2 
 Qf4 29. g3 Qf5 30. Kg2
 Re8 31.
Qf3 Qxf3+ 32. Kxf3 f5 33.
g4 fxg4+ 34. Kxg4 Kf7 
 35. Bg3 Bxg3 36. Rxe8 Kxe8
 37. Kxg3 Kf7 38. Kg4 Kf6
 39. Kf4 Kf7 40. Kg5 Kg7 41.
a3 a5 
42. Kf4 Kf6 43. Kg4 Kf7 
 44. Kg5 Kg7 45. Kf4 1/2-1/2